 Dungeon Crawl Stone Soup version 0.27-a0-1065-ge809cff456 (webtiles) character file.

Game seed: 7870560623651972370

2111 Ijustatesigmund the Skirmisher (level 9, -13/77 HPs)
             Began as a Demonspawn Fighter on Apr 22, 2021.
             Mangled by a red ugly thing (17 damage)
             ... on level 7 of the Dungeon.
             The game lasted 00:11:57 (8170 turns).

Ijustatesigmund the Skirmisher (Demonspawn Fighter) Turns: 8170, Time: 00:11:58

Health: -13/77     AC: 13    Str: 17    XL:     9   Next: 8%
Magic:  9/9        EV: 13    Int: 10    God:
Gold:   293        SH:  9    Dex: 15    Spells: 8/8 levels left

rFire    . . .     SeeInvis .   a - +1 war axe
rCold    . . .     Faith    .   c - +0 kite shield
rNeg     . . .     Spirit   .   b - +0 scale mail
rPois    .         Reflect  .   h - +0 helmet
rElec    .         Harm     .   m - +1 cloak
rCorr    .         Rampage  .   (no gloves)
Will     .....                  (no boots)
Stlth    ..........             (no amulet)
HPRegen  0.22/turn              f - +4 ring of evasion
MPRegen  0.11/turn              i - ring of wizardry

@: very slightly contaminated, invisible
A: claws 1, rugged brown scales 3, condensation shield, demonic magic 1
a: no special abilities


You were on level 7 of the Dungeon.
You visited 2 branches of the dungeon, and saw 8 of its levels.

You collected 293 gold pieces.

Inventory:

Hand Weapons
 a - a +1 war axe (weapon)
 q - a +1 vorpal flail
Missiles
 d - a throwing net (quivered)
Armour
 b - a +0 scale mail (worn)
 c - a +0 kite shield (worn)
 h - a +0 helmet (worn)
 m - a +1 cloak (worn)
Jewellery
 f - a +4 ring of evasion (left claw)
 i - a ring of wizardry (right claw)
Wands
 g - a wand of mindburst (1)
 n - a wand of polymorph (11)
 o - a wand of flame (12)
Scrolls
 k - 4 scrolls of identify
Potions
 l - 2 potions of attraction


   Skills:
 + Level 7.2 Fighting
 + Level 6.9 Axes
 + Level 4.6 Armour
 - Level 4.4 Dodging
 - Level 2.6 Shields
 - Level 1.2 Evocations


You had 8 spell levels left.
You didn't know any spells.
Your spell library was empty.

Dungeon Overview and Level Annotations

Branches:
Dungeon (7/15)             Temple (1/1) D:6

Altars:
Ashenzari
Cheibriados
Dithmenos
Fedhas
Makhleb
Nemelex Xobeh
Qazlal
Ru
Trog
Wu Jian
Xom
Zin
The Shining One
Lugonu

Shops:
D:1 :   D:3 =

Annotations:
D:4 2 runed translucent doors, Dwachs's ghost, amateur DjIE
D:5 2 transporters, glosham's ghost, weakling DjDe


Innate Abilities, Weirdness & Mutations

You have sharp fingernails.
You are completely covered in rugged brown scales. (AC +3, +7% HP)
A meltable shield of frost defends you. (SH +0)
Spells you cast may paralyse adjacent enemies.


Message History

A vampire comes into view. It is wielding a +3 vorpal hand axe.
Okay, then.
You fade into invisibility!
The red ugly thing misses you.
The vampire gestures at itself while chanting.
The vampire flickers and vanishes!
Deactivating autopickup; reactivate with Ctrl-A.
You are very lightly contaminated with residual magic.
Aiming: Mindburst
Press: ? - help, Shift-Dir - straight line, f/p - red ugly thing
Aim: a red ugly thing (moderately wounded, chance to affect: 53%)
The red ugly thing's mind is blasted!!
The red ugly thing kicks you but does no damage.
A cyclops comes into view.
Aiming: Mindburst
Press: ? - help, Shift-Dir - straight line, f/p - red ugly thing
Aim: a red ugly thing (heavily wounded, chance to affect: 53%)
The red ugly thing's mind is blasted.
The red ugly thing misses you.
You don't have any such object.
Evoke which item? (* to show all) (? for menu, Esc to quit)
That's the wrong kind of item! (Use * to select it.) Evoke which item? (* to show all) (? for menu, Esc to quit)
That's the wrong kind of item! (Use * to select it.) Evoke which item? (* to show all) (? for menu, Esc to quit)
Okay, then.
Throw: 2 throwing nets
Press: ? - help, Q - select action, (/) - cycle Shift-Dir - straight line, f/p - red ugly thing
Aim: a red ugly thing (severely wounded, 62% to hit)
You throw a throwing net.
The throwing net closely misses the red ugly thing.
The throwing net hits the howler monkey.
The howler monkey is caught in the net!
The cyclops shouts!
The howler monkey struggles against the net.
You block the red ugly thing's attack.
The howler monkey struggles against the net.
The red ugly thing kicks you!
* * * LOW HITPOINT WARNING * * *
You are engulfed in flames!
You die...

. #.. #. #. .## . .C. .
###K#######
#.#..Fh.#...# #.#
#h#...# .##
...###Ku###.⌠⌠..
#.#.#.#@.....#
#.....#...####
####.####### .
#.......## ... #
#...#.)...## ... ##
#....#......###.## .
...## #............
#######....#........#..
...........#........#


You could see a red ugly thing, a cyclops (wandering), 2 kobold brigands, a
bullfrog and 2 howler monkeys.

Vanquished Creatures
  A wyvern (D:7)
  A vampire mosquito (D:7)
  2 water moccasins
  An orc warrior (D:7)
  An ice beast (D:6)
  A sky beast (D:7)
  A black bear (D:3)
  A centaur (D:7)
  An ogre (D:4)
  A bullfrog (D:7)
  A wyvern zombie (D:7)
  2 scorpions
  A gnoll sergeant (D:6)
  A wight (D:7)
  2 centaur zombies (D:5)
  An iron imp (D:6)
  3 jellies
  5 hounds
  A centaur skeleton (D:5)
  A gnoll shaman (D:7)
  An orc priest (D:5)
  An orc wizard (D:4)
  A killer bee zombie (D:7)
  2 hound skeletons
  6 gnolls
  8 adders
  2 shadow imps (D:6)
  An ufetubus (D:7)
  A dart slug (D:4)
  11 orcs
  13 endoplasms
  A giant cockroach (D:4)
  8 goblins
  8 hobgoblins
  10 jackals
  8 kobolds
  3 quokkas
  5 ball pythons
  4 frilled lizards
  A hobgoblin zombie (D:6)
  3 kobold skeletons (D:6)
  A kobold zombie (D:6)
  2 orc skeletons (D:6)
  An orc zombie (D:6)
  4 rats
135 creatures vanquished.

Notes
Turn   | Place    | Note
-------+----------+-------------------------------------------
     0 | D:1      | Ijustatesigmund the Demonspawn Fighter began the quest for
                  | the Orb.
     0 | D:1      | Reached XP level 1. HP: 18/18 MP: 1/1
   122 | D:1      | Found Wareuluu's Book Boutique.
   134 | D:1      | Gained mutation: You are partially covered in rugged brown
                  | scales. (AC +1, +3% HP) [demonic ancestry]
   134 | D:1      | Reached XP level 2. HP: 3/24 MP: 2/2
   647 | D:1      | Found a faded altar of an unknown god.
  1457 | D:2      | Reached skill level 1 in Dodging
  1505 | D:2      | Gained mutation: You have sharp fingernails. [demonic
                  | ancestry]
  1505 | D:2      | Reached XP level 3. HP: 24/29 MP: 3/3
  2469 | D:3      | Found Fomoduewk's Jewellery Shoppe.
  2482 | D:3      | Noticed a black bear
  2493 | D:3      | Killed a black bear
  2494 | D:3      | Gained mutation: You are mostly covered in rugged brown
                  | scales. (AC +2, +5% HP) [demonic ancestry]
  2494 | D:3      | Reached XP level 4. HP: 19/38 MP: 4/4
  2494 | D:3      | Reached XP level 5. HP: 23/44 MP: 5/5
  3001 | D:3      | Reached skill level 4 in Fighting
  3444 | D:4      | Noticed an ogre
  3447 | D:4      | Killed an ogre
  3448 | D:4      | Reached skill level 1 in Evocations
  3448 | D:4      | Gained mutation: You are completely covered in rugged brown
                  | scales. (AC +3, +7% HP) [demonic ancestry]
  3448 | D:4      | Reached XP level 6. HP: 44/51 MP: 6/6
  3817 | D:4      | Found a shimmering altar of Xom.
  4154 | D:4      | Found a large runed translucent door.
  4156 | D:4      | Found a large runed translucent door.
  4158 | D:4      | Noticed Dwachs's ghost (amateur DjIE)
  4660 | D:4      | You fall into a shaft and drop 2 floors!
  4680 | D:6      | Found a staircase to the Ecumenical Temple.
  4689 | D:6      | Noticed an ice beast
  4700 | D:6      | Killed an ice beast
  4706 | Temple   | Entered the Ecumenical Temple
  4835 | D:5      | Entered Level 5 of the Dungeon
  5035 | D:5      | Found a transporter.
  5035 | D:5      | Noticed glosham's ghost (weakling DjDe)
  5057 | D:5      | Found a transporter.
  5251 | D:5      | Gained mutation: A meltable shield of frost defends you.
                  | (SH +0) [demonic ancestry]
  5251 | D:5      | Reached XP level 7. HP: 48/53 MP: 7/7
  5517 | D:5      | Reached skill level 5 in Fighting
  5517 | D:5      | Reached skill level 5 in Axes
  6094 | D:5      | Found an ornate altar of the Wu Jian Council.
  6846 | D:6      | Gained mutation: Spells you cast may paralyse adjacent
                  | enemies. [demonic ancestry]
  6846 | D:6      | Reached XP level 8. HP: 68/68 MP: 8/8
  7282 | D:6      | Found a snail-covered altar of Cheibriados.
  7377 | D:7      | Reached skill level 6 in Fighting
  8099 | D:7      | Reached skill level 7 in Fighting
  8143 | D:7      | Identified the +9 morningstar of Collusion {vorpal, +Rage
                  | rPois Will- Dex+2}
  8161 | D:7      | Reached XP level 9. HP: 41/77 MP: 9/9
  8162 | D:7      | Noticed a red ugly thing
  8168 | D:7      | Noticed a cyclops
  8170 | D:7      | Mangled by a red ugly thing

Illustrated notes

Levels and vault maps discovered:
D:1:      giann_wishing_wells, layout_basic,
          shapermc_ecumenical_altar_starsandcircs, serial_shops, shop
D:2:      layout_loops_corners
D:3:      layout_rooms, serial_shops, nicolae_shop_stone
D:4:      layout_basic, ebering_ghost_disaster_area, minmay_misc_feat_enclosed,
          minmay_ruined_shrine
D:5:      layout_loops_ring, nicolae_wu_jian_immortal_techniques, zin_academy,
          gammafunk_ghost_arena
D:6:      layout_cave_pods, nicolae_tso_besieged_by_evil, kennysheep_little_box,
          minmay_temple_entry_statues_fountains, serial_column_ruins,
          column_ruins_hut, column_ruins_hut, column_ruins_grid_1,
          column_ruins_columns_straight, column_ruins_grid_3, chequers_garden
D:7:      minmay_the_grid_octo_tiled_octocenter [minmay_the_grid_octo_focus,
          minmay_the_grid_octo_concentric, minmay_the_grid_octo_vomiting_pacman,
          minmay_the_grid_octo_thin_diamonds,
          minmay_the_grid_octo_prize_ultimate_mussel_roller,
          minmay_the_grid_square_5x5_two_walls_a,
          minmay_the_grid_square_5x5_inner_i, minmay_the_grid_square_5x5_meh,
          minmay_the_grid_square_5x5_percent], layout_gridville,
          lemuel_tele_altar
Temple:   corrupted_temple

Skill      XL: |  1  2  3  4  5  6  7  8 |
---------------+-------------------------+-----
Axes           | 2 3 4 5 6 |  6.9
Dodging        | 1 2 3 4 |  4.4
Fighting       | 4 5 7 |  7.2
Evocations     | 1 |  1.2
Armour         | 4 |  4.6
Shields        | |  2.6

Action                   |  1- 3 |  4- 6 |  7- 9 || total
-------------------------+-------+-------+-------++-------
Melee: War axe           |   108 |   180 |   267 ||   555
Throw: Throwing net      |       |       |     1 ||     1
Evoke: Wand              |       |     2 |    11 ||    13
  Use: Potion            |     2 |       |     4 ||     6
       Scroll            |     2 |     3 |     5 ||    10
Armor: Scale mail        |    49 |    73 |   104 ||   226
Dodge: Dodged            |    48 |    90 |   151 ||   289
Block: Kite shield       |    61 |   100 |   269 ||   430

Table legend: (Time is in decaauts)
 A = Elapsed time spent in this place.
 B = Non-inter-level travel time spent in this place.
 C = Inter-level travel time spent in this place.
 D = Time resting spent in this place.
 E = Time spent auto-exploring this place.
 F = Levels seen in this place.
 G = Mean time per level.
                   A        B        C        D        E       F      G
               +--------+--------+--------+--------+--------+-----+--------+
         Total |   8463 |   8268 |    195 |   1729 |   5268 |   8 | 1057.9 |
       Dungeon |   8368 |   8187 |    181 |   1729 |   5187 |   7 | 1195.4 |
        Temple |     94 |     81 |     13 |      0 |     81 |   1 |   94.0 |
               +--------+--------+--------+--------+--------+-----+--------+

Top non-repeatable levels by time:
     D:4: 1420 daAuts
     D:6: 1396 daAuts
     D:1: 1358 daAuts
     D:5: 1258 daAuts
     D:2: 1172 daAuts
     D:3: 1014 daAuts
     D:7: 748 daAuts
  Temple: 94 daAuts
